Predators vs Kings

Created - Monday, January 05, 2015 at 01:03

Goals
1 2 3 T
Predators 0 1 1 2
Kings 0 0 1 1
Shots
1 2 3 T
Predators 7 7 7 21
Kings 7 6 11 24

1st period

No Goal

Penalties :
Vladislav Namestnikov (LA ) for Interference (Minor) at 19:27

2nd period

1. Predators , Roman Josi 6 (Valtteri Filppula, Patrice Bergeron) at 19:06

Penalties :
Tyler Seguin (LA ) for Hooking (Minor) at 19:13

3rd period

2. Predators , Patrice Bergeron 15 (Roman Josi, Evander Kane) at 0:59 (PP)
3. Kings , Cam Fowler 6 (Milan Lucic, Duncan Keith) at 9:12 (PP)

Penalties :
Ryan Johansen (LA ) for Hooking (Minor) at 0:53, Patrick Maroon (Nsh) for Holding (Minor) at 7:13, Patrick Maroon (Nsh) for Tripping (Minor) at 14:29, Damien Brunner (Nsh) for Roughing (Double Minor) at 18:15

Goalie Stats

Kari Lehtonen (Nsh), 23 saves from 24 shots - (0.958), W, 23-9-3, 60:00 minutes
Tuukka Rask (LA ), 19 saves from 21 shots - (0.905), L, 21-13-1, 59:00 minutes

Players Stats for Predators

Player Name              G  A  P  +/- PIM S  H  SB GA TA FO     MP     PP MP  PK MP  
------------------------------------------------------------------------------------
Andy Greene              0  0  0   0  0   1  2  7  0  1  0/0    23:18   1:52   3:26 
Antoine Vermette         0  0  0   0  0   2  0  0  4  0  9/11   19:02   3:09   1:55 
Ben Smith                0  0  0   0  0   1  0  0  0  0  0/0    14:09   0:00   0:00 
Brian Lashoff            0  0  0   0  0   2  1  0  1  0  0/0    13:17   0:00   0:00 
Cody Eakin               0  0  0   0  0   0  0  1  0  0  0/0    10:02   0:00   1:55 
Corey Perry              0  0  0   1  0   3  1  0  3  0  0/0    20:10   3:09   0:00 
Damien Brunner           0  0  0   0  4   0  0  0  0  0  1/1    13:27   0:00   0:00 
Ed Jovanovski            0  0  0   1  0   0  3  0  0  0  0/0    17:23   0:00   0:00 
Eric Fehr                0  0  0   0  0   1  1  1  0  0  5/7    17:02   2:29   0:00 
Evander Kane             0  1  1   0  0   1  1  0  2  0  1/1    19:44   2:29   3:47 
Matt Halischuk           0  0  0   0  0   0  0  0  0  0  0/0     0:34   0:00   0:00 
Nick Schultz             0  0  0   0  0   2  1  1  0  1  0/0    21:04   1:52   3:26 
Patrice Bergeron         1  1  2   1  0   2  1  1  5  0  8/12   16:37   2:29   0:00 
Patrick Maroon           0  0  0   0  4   1  2  1  1  1  0/0    14:07   0:00   0:00 
Roman Josi               1  1  2   1  0   1  5  1  1  3  0/0    25:39   3:46   2:16 
Tomas Plekanec           0  0  0   0  0   2  0  0  1  0  0/9    13:16   0:00   3:47 
Valtteri Filppula        0  1  1   1  0   2  0  1  0  1  0/0    16:05   3:09   0:00 
Victor Bartley           0  0  0   0  0   0  1  1  0  3  0/0    19:19   3:46   2:16 

Players Stats for Kings

Player Name              G  A  P  +/- PIM S  H  SB GA TA FO     MP     PP MP  PK MP  
------------------------------------------------------------------------------------
Brandon McMillan         0  0  0   0  0   1  1  1  0  1  1/8    15:11   0:00   0:14 
Brenden Morrow           0  0  0   0  0   1  1  0  1  0  0/2    17:14   0:00   1:07 
Cam Fowler               1  0  1   0  0   3  1  4  0  0  0/0    19:22   2:22   4:25 
Carl Soderberg           0  0  0  -1  0   2  1  0  0  0  0/1    18:33   2:40   0:26 
Duncan Keith             0  1  1   0  0   3  0  3  0  5  0/0    26:00   2:22   4:25 
Henrik Tallinder         0  0  0   0  0   0  1  3  0  1  0/0     6:38   0:00   0:00 
John Erskine             0  0  0  -1  0   1  3  0  3  1  0/0    14:40   0:00   0:00 
Keith Yandle             0  0  0   0  0   1  0  0  0  0  0/0    19:20   3:20   1:13 
Ladislav Smid            0  0  0   0  0   1  1  1  0  0  0/0    19:20   3:20   1:13 
Matt Cullen              0  0  0   0  0   1  1  0  1  0  0/0    14:37   0:00   0:00 
Mika Zibanejad           0  0  0   0  0   1  1  0  1  1  0/0    16:44   3:02   0:00 
Milan Lucic              0  1  1   0  0   2  2  0  3  0  0/0    16:44   3:02   0:00 
Nathan Paetsch           0  0  0  -1  0   1  0  1  0  1  0/0    14:40   0:00   0:00 
Ryan Johansen            0  0  0   0  2   2  3  2  5  1  7/8    19:01   2:40   3:18 
Ryan Malone              0  0  0  -1  0   2  0  2  1  0  0/3    13:21   0:00   2:12 
Tomas Kopecky            0  0  0   0  0   0  1  1  2  0  0/1    12:33   2:40   0:00 
Tyler Seguin             0  0  0   0  2   2  0  0  1  0  8/15   20:10   3:02   3:52 
Vladislav Namestnikov    0  0  0  -1  2   0  1  0  0  0  1/3    10:05   0:00   0:00 

3 Stars

1 - Roman Josi (Nsh)
2 - Patrice Bergeron (Nsh)
3 - Kari Lehtonen (Nsh)

Power Play

Predators - 1 on 3 Attempt(s) - 33.33%
Kings - 1 on 4 Attempt(s) - 25.00%

Penalty Kill

Predators - 3 on 4 Attempt(s) - 75.00% - Score 0 goal in Penalty Kill
Kings - 2 on 3 Attempt(s) - 66.67% - Score 0 goal in Penalty Kill

Team Stat

Predators - Hits : 19 - Faceoff Wins : 24 - Blocked Shots : 15 - Penalty Minutes : 8
Kings - Hits : 18 - Faceoff Wins : 17 - Blocked Shots : 18 - Penalty Minutes : 6

Official

Referees : Unknown
Linesman : Unknown

Game Notes

No Game Note

Finance

Level 1 -- Attendance: 4831 (80.52%) -- Ticket Income $434,790
Level 2 -- Attendance: 3661 (73.22%) -- Ticket Income $208,677
Level 3 -- Attendance: 1612 (80.60%) -- Ticket Income $51,584
Level 4 -- Attendance: 3729 (93.23%) -- Ticket Income $67,122
Luxury Box -- Attendance: 823 (82.30%) -- Ticket Income $156,370
Game was played at the Staples Center'
Total Attendance: 14656 (81.42%)
Total Ticket Income: $918,543
Other Income: $450,086
Total Income: $1,368,629

Predators

5 vs 5 Forward 
   Center                   Left Wing                Right Wing               Time % Phy DF OF 
 1 Patrice Bergeron         Valtteri Filppula        Corey Perry              31     0   2  3  
 2 Antoine Vermette         Evander Kane             Damien Brunner           31     2   1  2  
 3 Eric Fehr                Patrick Maroon           Ben Smith                19     0   4  1  
 4 Tomas Plekanec           Cody Eakin               Corey Perry              19     0   1  4  

5 vs 5 Defense 
   Defense                  Defense                                           Time % Phy DF OF 
 1 Roman Josi               Ed Jovanovski                                     37     1   3  1  
 2 Nick Schultz             Andy Greene                                       33     1   3  1  
 3 Victor Bartley           Brian Lashoff                                     15     1   4  0  
 4 Roman Josi               Andy Greene                                       15     1   3  1  

PowerPlay Forward 
   Center                   Left Wing                Right Wing               Time % Phy DF OF 
 1 Antoine Vermette         Valtteri Filppula        Corey Perry              60     0   1  4  
 2 Patrice Bergeron         Evander Kane             Eric Fehr                40     1   1  3  

PowerPlay Defense
   Defense                  Defense                                           Time % Phy DF OF 
 1 Victor Bartley           Roman Josi                                        65     1   1  3  
 2 Nick Schultz             Andy Greene                                       35     1   2  2  

Penalty Kill 4 Players Forward 
   Center                   Wing                     Time % Phy DF OF 
 1 Tomas Plekanec           Evander Kane             55     1   3  1  
 2 Antoine Vermette         Cody Eakin               45     1   3  1  

Penalty Kill 4 Players Defense
   Defense                  Defense                  Time % Phy DF OF 
 1 Roman Josi               Victor Bartley           55     1   3  1  
 2 Nick Schultz             Andy Greene              45     1   4  0  

Penalty Kill - 3 Players Forward 
   Forward                                           Time % Phy DF OF 
 1 Tomas Plekanec                                    50     1   4  0  
 2 Antoine Vermette                                  50     1   4  0  

Penalty Kill - 3 Players Defense
   Defense                  Defense                  Time % Phy DF OF 
 1 Roman Josi               Brian Lashoff            55     2   3  0  
 2 Nick Schultz             Andy Greene              45     2   3  0  

4 vs 4 Forward 
   Center                   Wing                     Time % Phy DF OF 
 1 Patrice Bergeron         Corey Perry              50     1   2  2  
 2 Valtteri Filppula        Evander Kane             50     1   2  2  

4 vs 4 Defense
   Defense                  Defense                  Time % Phy DF OF 
 1 Roman Josi               Ed Jovanovski            55     1   2  2  
 2 Nick Schultz             Andy Greene              45     1   2  2  

Last Minutes Offensive
   Center                   Left Wing                Right Wing               Defense                  Defense                  
   Patrice Bergeron         Valtteri Filppula        Corey Perry              Andy Greene              Roman Josi               

Last Minutes Defensive
   Center                   Left Wing                Right Wing               Defense                  Defense                  
   Antoine Vermette         Evander Kane             Corey Perry              Andy Greene              Roman Josi               

Goaltenders
Starting : Kari Lehtonen            
Backup : Anders Lindback          

Extra Forwards
Normal : Patrice Bergeron, Corey Perry, Tomas Plekanec - PP : Tomas Plekanec, Cody Eakin - PK : Antoine Vermette
Extra Defensemen
Normal : Roman Josi, Andy Greene, Nick Schultz - PP : Victor Bartley - PK : Roman Josi, Victor Bartley
Penalty Shots
Patrice Bergeron, Eric Fehr, Corey Perry, Valtteri Filppula, Antoine Vermette

Kings

5 vs 5 Forward 
   Center                   Left Wing                Right Wing               Time % Phy DF OF 
 1 Tyler Seguin             Milan Lucic              Mika Zibanejad           35     1   2  2  
 2 Ryan Johansen            Tomas Kopecky            Carl Soderberg           30     1   2  2  
 3 Brandon McMillan         Brenden Morrow           Matt Cullen              22     1   2  2  
 4 Vladislav Namestnikov    Ryan Malone              Carl Soderberg           13     1   2  2  

5 vs 5 Defense 
   Defense                  Defense                                           Time % Phy DF OF 
 1 Duncan Keith             Cam Fowler                                        35     1   2  2  
 2 Keith Yandle             Ladislav Smid                                     30     1   2  2  
 3 John Erskine             Nathan Paetsch                                    22     1   2  2  
 4 Duncan Keith             Henrik Tallinder                                  13     1   2  2  

PowerPlay Forward 
   Center                   Left Wing                Right Wing               Time % Phy DF OF 
 1 Tyler Seguin             Milan Lucic              Mika Zibanejad           60     1   2  2  
 2 Ryan Johansen            Tomas Kopecky            Carl Soderberg           40     1   2  2  

PowerPlay Defense
   Defense                  Defense                                           Time % Phy DF OF 
 1 Duncan Keith             Cam Fowler                                        60     1   2  2  
 2 Keith Yandle             Ladislav Smid                                     40     1   2  2  

Penalty Kill 4 Players Forward 
   Center                   Wing                     Time % Phy DF OF 
 1 Tyler Seguin             Ryan Johansen            60     1   2  2  
 2 Milan Lucic              Carl Soderberg           40     1   2  2  

Penalty Kill 4 Players Defense
   Defense                  Defense                  Time % Phy DF OF 
 1 Duncan Keith             Cam Fowler               60     1   2  2  
 2 Keith Yandle             Ladislav Smid            40     1   2  2  

Penalty Kill - 3 Players Forward 
   Forward                                           Time % Phy DF OF 
 1 Tyler Seguin                                      60     1   2  2  
 2 Ryan Johansen                                     40     1   2  2  

Penalty Kill - 3 Players Defense
   Defense                  Defense                  Time % Phy DF OF 
 1 Duncan Keith             Cam Fowler               60     1   2  2  
 2 Keith Yandle             Ladislav Smid            40     1   2  2  

4 vs 4 Forward 
   Center                   Wing                     Time % Phy DF OF 
 1 Tyler Seguin             Ryan Johansen            60     1   2  2  
 2 Milan Lucic              Mika Zibanejad           40     1   2  2  

4 vs 4 Defense
   Defense                  Defense                  Time % Phy DF OF 
 1 Duncan Keith             Cam Fowler               60     1   2  2  
 2 Keith Yandle             Ladislav Smid            40     1   2  2  

Last Minutes Offensive
   Center                   Left Wing                Right Wing               Defense                  Defense                  
   Tyler Seguin             Milan Lucic              Mika Zibanejad           Duncan Keith             Cam Fowler               

Last Minutes Defensive
   Center                   Left Wing                Right Wing               Defense                  Defense                  
   Tyler Seguin             Milan Lucic              Mika Zibanejad           Duncan Keith             Cam Fowler               

Goaltenders
Starting : Tuukka Rask              
Backup : Jonas Gustavsson         

Extra Forwards
Normal : Tyler Seguin, Brenden Morrow, Ryan Malone - PP : Tyler Seguin, Brenden Morrow - PK : Ryan Malone
Extra Defensemen
Normal : Duncan Keith, Ladislav Smid, Keith Yandle - PP : Duncan Keith - PK : Duncan Keith, Keith Yandle
Penalty Shots
Tyler Seguin, Ryan Johansen, Milan Lucic, Mika Zibanejad, Tomas Kopecky

% Time on Ice - Predators

Lines # - Real PCT - Wanted PCT - Time Play
Normal Forward
1 - 27% - 31% - 12:56
2 - 28% - 31% - 13:28
3 - 29% - 19% - 14:09
4 - 17% - 19% - 8:07
Normal Defense
1 - 36% - 37% - 17:23
2 - 32% - 33% - 15:46
3 - 27% - 15% - 13:17
4 - 5% - 15% - 2:14
PP Forward
1 - 56% - 60% - 3:09
2 - 44% - 40% - 2:29
PP Defense
1 - 67% - 65% - 3:46
2 - 33% - 35% - 1:52
PK Forward
1 - 66% - 55% - 3:47
2 - 34% - 45% - 1:55
PK Defense
1 - 40% - 55% - 2:16
2 - 60% - 45% - 3:26
PK3 Forward
1 - 0% - 50%
2 - 0% - 50%
PK3 Defense
1 - 0% - 55%
2 - 0% - 45%
44 Forward
1 - 0% - 50%
2 - 0% - 50%
44 Defense
1 - 0% - 55%
2 - 0% - 45%
Last Minute Offensive  - 0:00
Last Minute Defensive  - 0:00
Total
Forward - 60:00
Defense - 60:00

% Time on Ice - Kings

Lines # - Real PCT - Wanted PCT - Time Play
Normal Forward
1 - 29% - 35% - 14:11
2 - 20% - 30% - 9:53
3 - 30% - 22% - 14:37
4 - 21% - 13% - 9:59
Normal Defense
1 - 26% - 35% - 12:35
2 - 30% - 30% - 14:47
3 - 30% - 22% - 14:40
4 - 14% - 13% - 6:38
PP Forward
1 - 53% - 60% - 3:02
2 - 47% - 40% - 2:40
PP Defense
1 - 42% - 60% - 2:22
2 - 58% - 40% - 3:20
PK Forward
1 - 100% - 60% - 5:32
2 - 0% - 40% - 0:00
PK Defense
1 - 78% - 60% - 4:19
2 - 22% - 40% - 1:13
PK3 Forward
1 - 100% - 60% - 0:06
2 - 0% - 40% - 0:00
PK3 Defense
1 - 100% - 60% - 0:06
2 - 0% - 40% - 0:00
44 Forward
1 - 0% - 60%
2 - 0% - 40%
44 Defense
1 - 0% - 60%
2 - 0% - 40%
Last Minute Offensive  - 0:00
Last Minute Defensive  - 0:00
Total
Forward - 60:00
Defense - 60:00

Play by Play

1st period


0:01 of 1st period - Tyler Seguin wins face-off versus Patrice Bergeron in neutral zone.
0:04 of 1st period - Slapshot by Duncan Keith.
0:04 of 1st period - Stopped by Kari Lehtonen without a rebound.
0:05 of 1st period - Patrice Bergeron wins face-off versus Tyler Seguin in Predators zone.
0:36 of 1st period - Snap shot by Corey Perry.
0:36 of 1st period - Stopped by Tuukka Rask without a rebound.
0:37 of 1st period - Antoine Vermette wins face-off versus Ryan Johansen in Kings zone.
1:26 of 1st period - Wrist shot by Eric Fehr.
1:26 of 1st period - Shot Blocked by Brandon McMillan.
1:28 of 1st period - Slapshot by Nick Schultz.
1:28 of 1st period - Deflect By Keith Yandle.
1:28 of 1st period - Stopped by Tuukka Rask without a rebound.
1:29 of 1st period - Eric Fehr wins face-off versus Brandon McMillan in Kings zone.
3:14 of 1st period - Slapshot by Duncan Keith.
3:14 of 1st period - Shot Misses the Net.
3:20 of 1st period - Mika Zibanejad is hit by Roman Josi and loses puck.
4:10 of 1st period - Snap shot by Carl Soderberg.
4:10 of 1st period - Shot Misses the Net.
4:12 of 1st period - Snap shot by Ladislav Smid.
4:12 of 1st period - Shot Hit the Post.
4:14 of 1st period - Snap shot by Vladislav Namestnikov.
4:14 of 1st period - Shot Blocked by Nick Schultz.
4:16 of 1st period - Wrist shot by Keith Yandle.
4:16 of 1st period - Shot Blocked by Andy Greene.
4:18 of 1st period - Slapshot by Vladislav Namestnikov.
4:18 of 1st period - Shot Blocked by Valtteri Filppula.
4:50 of 1st period - Snap shot by Eric Fehr.
4:50 of 1st period - Shot Misses the Net.
4:52 of 1st period - Slapshot by Brian Lashoff.
4:52 of 1st period - Deflect By Ben Smith.
4:52 of 1st period - Stopped by Tuukka Rask with a rebound.
4:54 of 1st period - Snap shot by Ben Smith.
4:54 of 1st period - Shot Blocked by Ladislav Smid.
4:56 of 1st period - Slapshot by Brian Lashoff.
4:56 of 1st period - Shot Blocked by Tomas Kopecky.
6:28 of 1st period - Cody Eakin is hit by Mika Zibanejad and loses puck.
7:30 of 1st period - Slapshot by Patrick Maroon.
7:30 of 1st period - Stopped by Tuukka Rask with a rebound.
8:10 of 1st period - Slapshot by Keith Yandle.
8:10 of 1st period - Stopped by Kari Lehtonen without a rebound.
8:11 of 1st period - Damien Brunner wins face-off versus Brandon McMillan in Predators zone.
8:22 of 1st period - Snap shot by Brenden Morrow.
8:22 of 1st period - Shot Misses the Net.
8:44 of 1st period - Cam Fowler is hit by Andy Greene and loses puck.
9:08 of 1st period - Icing by Ladislav Smid.
9:09 of 1st period - Eric Fehr wins face-off versus Tyler Seguin in Kings zone.
9:15 of 1st period - Slapshot by Brian Lashoff.
9:15 of 1st period - Stopped by Tuukka Rask without a rebound.
9:16 of 1st period - Tyler Seguin wins face-off versus Eric Fehr in Kings zone.
9:52 of 1st period - Henrik Tallinder is hit by Evander Kane and loses puck.
9:59 of 1st period - Antoine Vermette is hit by Matt Cullen and loses puck.
11:47 of 1st period - Snap shot by Matt Cullen.
11:47 of 1st period - Deflect By Andy Greene.
11:47 of 1st period - Shot Misses the Net.
11:47 of 1st period - Puck is out of play.
11:48 of 1st period - Evander Kane wins face-off versus Brenden Morrow in Predators zone.
12:09 of 1st period - Slapshot by Corey Perry.
12:09 of 1st period - Shot Blocked by Cam Fowler.
12:45 of 1st period - Wrist shot by Ryan Malone.
12:45 of 1st period - Shot Hit the Post.
12:47 of 1st period - Slapshot by Nathan Paetsch.
12:47 of 1st period - Stopped by Kari Lehtonen with a rebound.
12:51 of 1st period - Wrist shot by Brandon McMillan.
12:51 of 1st period - Stopped by Kari Lehtonen without a rebound.
12:52 of 1st period - Eric Fehr wins face-off versus Vladislav Namestnikov in Predators zone.
13:21 of 1st period - Snap shot by Eric Fehr.
13:21 of 1st period - Shot Misses the Net.
13:33 of 1st period - Antoine Vermette is hit by Tomas Kopecky and loses puck.
14:27 of 1st period - Wrist shot by Tomas Plekanec.
14:27 of 1st period - Stopped by Tuukka Rask with a rebound.
14:29 of 1st period - Snap shot by Tomas Plekanec.
14:29 of 1st period - Shot Misses the Net.
14:31 of 1st period - Slapshot by Corey Perry.
14:31 of 1st period - Deflect By Cody Eakin.
14:31 of 1st period - Shot Misses the Net.
14:31 of 1st period - Puck is out of play.
14:32 of 1st period - Ryan Johansen wins face-off versus Patrice Bergeron in Kings zone.
15:29 of 1st period - Brian Lashoff is hit by John Erskine and loses puck.
15:38 of 1st period - Snap shot by Eric Fehr.
15:38 of 1st period - Stopped by Tuukka Rask with a rebound.
16:25 of 1st period - Slapshot by Keith Yandle.
16:25 of 1st period - Deflect By Ryan Johansen.
16:25 of 1st period - Shot Blocked by Andy Greene.
16:25 of 1st period - Puck is out of play.
16:26 of 1st period - Antoine Vermette wins face-off versus Tomas Kopecky in Predators zone.
16:59 of 1st period - Nick Schultz is hit by Milan Lucic.
17:37 of 1st period - Victor Bartley is hit by Brenden Morrow and loses puck.
18:04 of 1st period - Snap shot by Tyler Seguin.
18:04 of 1st period - Stopped by Kari Lehtonen with a rebound.
18:26 of 1st period - Snap shot by Ryan Johansen.
18:26 of 1st period - Stopped by Kari Lehtonen with a rebound.
18:28 of 1st period - Slapshot by John Erskine.
18:28 of 1st period - Shot Blocked by Victor Bartley.
19:27 of 1st period - Minor Penalty to Vladislav Namestnikov for Interference.
19:28 of 1st period - Patrice Bergeron wins face-off versus Tyler Seguin in Kings zone.
19:47 of 1st period - Slapshot by Cam Fowler.
19:47 of 1st period - Stopped by Kari Lehtonen without a rebound.
19:48 of 1st period - Tyler Seguin wins face-off versus Patrice Bergeron in Predators zone.
19:57 of 1st period - Evander Kane is hit by Ryan Johansen.
Goals for this period are 0 for Predators vs 0 for Kings.
Shots for this period are 7 for Predators vs 7 for Kings.

2nd period


0:01 of 2nd period - Tyler Seguin wins face-off versus Antoine Vermette in neutral zone.
0:24 of 2nd period - Snap shot by Corey Perry.
0:24 of 2nd period - Shot Misses the Net.
1:27 of 2nd period - Penalty to Vladislav Namestnikov is over, Vladislav Namestnikov is back on ice.
1:50 of 2nd period - Snap shot by Brenden Morrow.
1:50 of 2nd period - Stopped by Kari Lehtonen with a rebound.
2:25 of 2nd period - Slapshot by Nathan Paetsch.
2:25 of 2nd period - Deflect By Carl Soderberg.
2:25 of 2nd period - Stopped by Kari Lehtonen with a rebound.
2:27 of 2nd period - Slapshot by John Erskine.
2:27 of 2nd period - Stopped by Kari Lehtonen with a rebound.
2:29 of 2nd period - Slapshot by John Erskine.
2:29 of 2nd period - Shot Misses the Net.
2:31 of 2nd period - Wrist shot by Vladislav Namestnikov.
2:31 of 2nd period - Shot Blocked by Patrick Maroon.
2:33 of 2nd period - Wrist shot by Ryan Malone.
2:33 of 2nd period - Stopped by Kari Lehtonen with a rebound.
2:47 of 2nd period - Ed Jovanovski is hit by John Erskine.
3:28 of 2nd period - Snap shot by Evander Kane.
3:28 of 2nd period - Shot Blocked by Cam Fowler.
4:22 of 2nd period - Wrist shot by Mika Zibanejad.
4:22 of 2nd period - Shot Misses the Net.
4:40 of 2nd period - Ladislav Smid is hit by Patrice Bergeron and loses puck.
5:04 of 2nd period - Antoine Vermette is hit by Ryan Johansen and loses puck.
5:35 of 2nd period - Slapshot by Duncan Keith.
5:35 of 2nd period - Deflect By Brandon McMillan.
5:35 of 2nd period - Shot Misses the Net.
5:35 of 2nd period - Puck is out of play.
5:36 of 2nd period - Patrice Bergeron wins face-off versus Brandon McMillan in Predators zone.
5:55 of 2nd period - Brandon McMillan is hit by Patrick Maroon and loses puck.
6:00 of 2nd period - Wrist shot by Patrick Maroon.
6:00 of 2nd period - Shot Misses the Net.
6:08 of 2nd period - Snap shot by Eric Fehr.
6:08 of 2nd period - Shot Misses the Net.
7:04 of 2nd period - Slapshot by Andy Greene.
7:04 of 2nd period - Stopped by Tuukka Rask with a rebound.
7:32 of 2nd period - Snap shot by Antoine Vermette.
7:32 of 2nd period - Stopped by Tuukka Rask with a rebound.
8:20 of 2nd period - Tomas Kopecky is hit by Roman Josi and loses puck.
8:50 of 2nd period - Brandon McMillan is hit by Nick Schultz and loses puck.
9:34 of 2nd period - Damien Brunner is hit by John Erskine.
9:53 of 2nd period - Vladislav Namestnikov is hit by Eric Fehr and loses puck.
10:18 of 2nd period - Wrist shot by Corey Perry.
10:18 of 2nd period - Stopped by Tuukka Rask without a rebound.
10:19 of 2nd period - Ryan Johansen wins face-off versus Tomas Plekanec in Kings zone.
10:30 of 2nd period - Slapshot by Duncan Keith.
10:30 of 2nd period - Shot Misses the Net.
10:32 of 2nd period - Slapshot by Duncan Keith.
10:32 of 2nd period - Deflect By Carl Soderberg.
10:32 of 2nd period - Stopped by Kari Lehtonen with a rebound.
10:34 of 2nd period - Slapshot by Cam Fowler.
10:34 of 2nd period - Shot Misses the Net.
10:36 of 2nd period - Slapshot by Duncan Keith.
10:36 of 2nd period - Shot Misses the Net.
11:49 of 2nd period - Wrist shot by Tomas Plekanec.
11:49 of 2nd period - Stopped by Tuukka Rask with a rebound.
12:49 of 2nd period - Icing by Duncan Keith.
12:50 of 2nd period - Eric Fehr wins face-off versus Brenden Morrow in Kings zone.
13:12 of 2nd period - Snap shot by Evander Kane.
13:12 of 2nd period - Shot Misses the Net.
13:30 of 2nd period - Snap shot by Corey Perry.
13:30 of 2nd period - Deflect By Patrice Bergeron.
13:30 of 2nd period - Stopped by Tuukka Rask with a rebound.
13:32 of 2nd period - Slapshot by Brian Lashoff.
13:32 of 2nd period - Shot Blocked by Ryan Malone.
13:34 of 2nd period - Slapshot by Valtteri Filppula.
13:34 of 2nd period - Stopped by Tuukka Rask without a rebound.
13:35 of 2nd period - Patrice Bergeron wins face-off versus Brandon McMillan in Kings zone.
14:04 of 2nd period - Keith Yandle is hit by Patrick Maroon and loses puck.
14:17 of 2nd period - Snap shot by Milan Lucic.
14:17 of 2nd period - Stopped by Kari Lehtonen with a rebound.
14:37 of 2nd period - Ryan Johansen is hit by Roman Josi and loses puck.
15:16 of 2nd period - Patrice Bergeron is hit by Brandon McMillan and loses puck.
17:18 of 2nd period - Slapshot by Damien Brunner.
17:18 of 2nd period - Shot Blocked by Duncan Keith.
17:20 of 2nd period - Snap shot by Brian Lashoff.
17:20 of 2nd period - Shot Blocked by Duncan Keith.
17:22 of 2nd period - Slapshot by Victor Bartley.
17:22 of 2nd period - Shot Blocked by Ryan Johansen.
17:24 of 2nd period - Snap shot by Antoine Vermette.
17:24 of 2nd period - Shot Blocked by Henrik Tallinder.
17:26 of 2nd period - Slapshot by Evander Kane.
17:26 of 2nd period - Shot Misses the Net.
17:55 of 2nd period - Wrist shot by Patrice Bergeron.
17:55 of 2nd period - Shot Blocked by Henrik Tallinder.
19:04 of 2nd period - Wrist shot by Valtteri Filppula.
19:04 of 2nd period - Shot Blocked by Nathan Paetsch.
19:06 of 2nd period - Wrist shot by Roman Josi.
19:06 of 2nd period - Deflect By John Erskine.
19:06 of 2nd period - Goal by Roman Josi - Predators : 1 - Kings : 0.
19:07 of 2nd period - Antoine Vermette wins face-off versus Tyler Seguin in neutral zone.
19:13 of 2nd period - Minor Penalty to Tyler Seguin for Hooking.
19:14 of 2nd period - Antoine Vermette wins face-off versus Carl Soderberg in Kings zone.
19:20 of 2nd period - Slapshot by Valtteri Filppula.
19:20 of 2nd period - Shot Misses the Net.
Goals for this period are 1 for Predators vs 0 for Kings.
Shots for this period are 7 for Predators vs 6 for Kings.

3rd period


0:01 of 3rd period - Antoine Vermette wins face-off versus Ryan Malone in neutral zone.
0:10 of 3rd period - Ryan Johansen is hit by Corey Perry and loses puck.
0:17 of 3rd period - Wrist shot by Corey Perry.
0:17 of 3rd period - Deflect By Antoine Vermette.
0:17 of 3rd period - Shot Misses the Net.
0:17 of 3rd period - Puck is out of play.
0:18 of 3rd period - Antoine Vermette wins face-off versus Ryan Malone in Kings zone.
0:47 of 3rd period - Snap shot by Corey Perry.
0:47 of 3rd period - Shot Misses the Net.
0:53 of 3rd period - Minor Penalty to Ryan Johansen for Hooking.
0:54 of 3rd period - Patrice Bergeron wins face-off versus Ryan Malone in Kings zone.
0:55 of 3rd period - Snap shot by Evander Kane.
0:55 of 3rd period - Shot Blocked by Duncan Keith.
0:57 of 3rd period - Snap shot by Evander Kane.
0:57 of 3rd period - Shot Blocked by Ryan Malone.
0:59 of 3rd period - Slapshot by Roman Josi.
0:59 of 3rd period - Deflect By Patrice Bergeron.
0:59 of 3rd period - Deflect By Duncan Keith.
0:59 of 3rd period - Goal by Patrice Bergeron - Predators : 2 - Kings : 0.
1:00 of 3rd period - Antoine Vermette wins face-off versus Tyler Seguin in neutral zone.
1:23 of 3rd period - Wrist shot by Valtteri Filppula.
1:23 of 3rd period - Stopped by Tuukka Rask without a rebound.
1:24 of 3rd period - Tyler Seguin wins face-off versus Patrice Bergeron in Kings zone.
1:39 of 3rd period - Wrist shot by Tyler Seguin.
1:39 of 3rd period - Stopped by Kari Lehtonen with a rebound.
2:15 of 3rd period - Icing by Antoine Vermette.
2:16 of 3rd period - Antoine Vermette wins face-off versus Tyler Seguin in Predators zone.
2:53 of 3rd period - Penalty to Ryan Johansen is over, Ryan Johansen is back on ice.
4:58 of 3rd period - Keith Yandle is hit by Roman Josi and loses puck.
5:05 of 3rd period - Slapshot by Ladislav Smid.
5:05 of 3rd period - Shot Misses the Net.
5:21 of 3rd period - Henrik Tallinder is hit by Ed Jovanovski and loses puck.
5:38 of 3rd period - Snap shot by Corey Perry.
5:38 of 3rd period - Stopped by Tuukka Rask with a rebound.
5:40 of 3rd period - Slapshot by Brian Lashoff.
5:40 of 3rd period - Stopped by Tuukka Rask with a rebound.
5:42 of 3rd period - Slapshot by Victor Bartley.
5:42 of 3rd period - Deflect By Cody Eakin.
5:42 of 3rd period - Shot Blocked by Henrik Tallinder.
5:42 of 3rd period - Puck is out of play.
5:43 of 3rd period - Brandon McMillan wins face-off versus Tomas Plekanec in Kings zone.
6:10 of 3rd period - Wrist shot by Antoine Vermette.
6:10 of 3rd period - Shot Blocked by Cam Fowler.
6:18 of 3rd period - Snap shot by Antoine Vermette.
6:18 of 3rd period - Shot Misses the Net.
6:52 of 3rd period - Valtteri Filppula is hit by Vladislav Namestnikov and loses puck.
7:05 of 3rd period - Andy Greene is hit by Milan Lucic and loses puck.
7:13 of 3rd period - Minor Penalty to Patrick Maroon for Holding.
7:14 of 3rd period - Tyler Seguin wins face-off versus Tomas Plekanec in Predators zone.
7:35 of 3rd period - Off-side.
7:36 of 3rd period - Ryan Johansen wins face-off versus Tomas Plekanec in neutral zone.
7:49 of 3rd period - Wrist shot by Tomas Kopecky.
7:49 of 3rd period - Shot Misses the Net.
7:51 of 3rd period - Slapshot by Ladislav Smid.
7:51 of 3rd period - Stopped by Kari Lehtonen with a rebound.
7:53 of 3rd period - Slapshot by Ladislav Smid.
7:53 of 3rd period - Shot Misses the Net.
8:25 of 3rd period - Andy Greene is hit by Ladislav Smid and loses puck.
8:30 of 3rd period - Slapshot by Duncan Keith.
8:30 of 3rd period - Shot Blocked by Andy Greene.
8:32 of 3rd period - Snap shot by Mika Zibanejad.
8:32 of 3rd period - Shot Misses the Net.
8:34 of 3rd period - Slapshot by Duncan Keith.
8:34 of 3rd period - Shot Blocked by Andy Greene.
8:52 of 3rd period - Andy Greene is hit by Carl Soderberg and loses puck.
9:10 of 3rd period - Wrist shot by Cam Fowler.
9:10 of 3rd period - Shot Blocked by Cody Eakin.
9:12 of 3rd period - Slapshot by Cam Fowler.
9:12 of 3rd period - Goal by Cam Fowler - Predators : 2 - Kings : 1.
9:13 of 3rd period - Patrice Bergeron wins face-off versus Brandon McMillan in neutral zone.
9:38 of 3rd period - Slapshot by Matt Cullen.
9:38 of 3rd period - Stopped by Kari Lehtonen with a rebound.
10:17 of 3rd period - Mika Zibanejad is hit by Roman Josi and loses puck.
10:28 of 3rd period - Milan Lucic is hit by Ed Jovanovski and loses puck.
10:41 of 3rd period - Slapshot by Antoine Vermette.
10:41 of 3rd period - Stopped by Tuukka Rask without a rebound.
10:42 of 3rd period - Ryan Johansen wins face-off versus Antoine Vermette in Kings zone.
10:42 of 3rd period - Ryan Johansen is hit by Brian Lashoff.
11:14 of 3rd period - Slapshot by Ryan Johansen.
11:14 of 3rd period - Stopped by Kari Lehtonen with a rebound.
11:49 of 3rd period - Snap shot by Patrice Bergeron.
11:49 of 3rd period - Shot Misses the Net.
11:51 of 3rd period - Slapshot by Nick Schultz.
11:51 of 3rd period - Stopped by Tuukka Rask without a rebound.
11:52 of 3rd period - Eric Fehr wins face-off versus Vladislav Namestnikov in Kings zone.
11:55 of 3rd period - Slapshot by Patrick Maroon.
11:55 of 3rd period - Deflect By Eric Fehr.
11:55 of 3rd period - Shot Blocked by Cam Fowler.
11:55 of 3rd period - Puck is out of play.
11:56 of 3rd period - Vladislav Namestnikov wins face-off versus Eric Fehr in Kings zone.
12:01 of 3rd period - Slapshot by Duncan Keith.
12:01 of 3rd period - Shot Blocked by Eric Fehr.
12:03 of 3rd period - Snap shot by Carl Soderberg.
12:03 of 3rd period - Shot Blocked by Andy Greene.
12:05 of 3rd period - Snap shot by Ryan Malone.
12:05 of 3rd period - Stopped by Kari Lehtonen with a rebound.
12:15 of 3rd period - Snap shot by Ryan Malone.
12:15 of 3rd period - Shot Blocked by Andy Greene.
12:17 of 3rd period - Wrist shot by Duncan Keith.
12:17 of 3rd period - Stopped by Kari Lehtonen with a rebound.
12:19 of 3rd period - Slapshot by Cam Fowler.
12:19 of 3rd period - Shot Blocked by Andy Greene.
12:21 of 3rd period - Slapshot by Cam Fowler.
12:21 of 3rd period - Shot Blocked by Roman Josi.
12:23 of 3rd period - Slapshot by Cam Fowler.
12:23 of 3rd period - Deflect By Andy Greene.
12:23 of 3rd period - Stopped by Kari Lehtonen without a rebound.
12:24 of 3rd period - Patrice Bergeron wins face-off versus Brandon McMillan in Predators zone.
12:24 of 3rd period - Patrice Bergeron is hit by Henrik Tallinder.
13:23 of 3rd period - Duncan Keith is hit by Andy Greene and loses puck.
14:10 of 3rd period - Snap shot by Eric Fehr.
14:10 of 3rd period - Shot Blocked by Ryan Johansen.
14:21 of 3rd period - Brian Lashoff is hit by Ryan Johansen and loses puck.
14:29 of 3rd period - Minor Penalty to Patrick Maroon for Tripping.
14:30 of 3rd period - Ryan Johansen wins face-off versus Tomas Plekanec in Predators zone.
15:13 of 3rd period - Snap shot by Evander Kane.
15:13 of 3rd period - Stopped by Tuukka Rask with a rebound.
15:33 of 3rd period - Carl Soderberg is hit by Victor Bartley.
15:59 of 3rd period - Slapshot by Duncan Keith.
15:59 of 3rd period - Deflect By Milan Lucic.
15:59 of 3rd period - Shot Misses the Net.
15:59 of 3rd period - Puck is out of play.
16:00 of 3rd period - Tyler Seguin wins face-off versus Tomas Plekanec in Predators zone.
16:14 of 3rd period - Evander Kane is hit by Cam Fowler and loses puck.
16:29 of 3rd period - Penalty to Patrick Maroon is over, Patrick Maroon is back on ice.
16:36 of 3rd period - Off-side.
16:37 of 3rd period - Patrice Bergeron wins face-off versus Tyler Seguin in neutral zone.
17:24 of 3rd period - Backhand shot by Brenden Morrow.
17:24 of 3rd period - Shot Blocked by Patrice Bergeron.
17:34 of 3rd period - Keith Yandle is hit by Ed Jovanovski and loses puck.
18:12 of 3rd period - Snap shot by Milan Lucic.
18:12 of 3rd period - Stopped by Kari Lehtonen without a rebound.
18:13 of 3rd period - Antoine Vermette wins face-off versus Brandon McMillan in Predators zone.
18:15 of 3rd period - Double Minor Penalty to Damien Brunner for Roughing.
18:16 of 3rd period - Ryan Johansen wins face-off versus Tomas Plekanec in Predators zone.
18:16 of 3rd period - Slapshot by Duncan Keith.
18:16 of 3rd period - Shot Misses the Net.
18:18 of 3rd period - Slapshot by Duncan Keith.
18:18 of 3rd period - Deflect By Roman Josi.
18:18 of 3rd period - Stopped by Kari Lehtonen without a rebound.
18:19 of 3rd period - Ryan Johansen wins face-off versus Tomas Plekanec in Predators zone.
18:20 of 3rd period - Slapshot by Duncan Keith.
18:20 of 3rd period - Shot Misses the Net.
18:22 of 3rd period - Wrist shot by Tomas Kopecky.
18:22 of 3rd period - Shot Misses the Net.
19:00 of 3rd period - Kings, Tuukka Rask is pulled from the net.
19:04 of 3rd period - Wrist shot by Mika Zibanejad.
19:04 of 3rd period - Stopped by Kari Lehtonen without a rebound.
19:05 of 3rd period - Freddy Meyer call a timeout for Kings.
19:05 of 3rd period - Tyler Seguin wins face-off versus Tomas Plekanec in Predators zone.
19:10 of 3rd period - Wrist shot by Milan Lucic.
19:10 of 3rd period - Shot Misses the Net.
Goals for this period are 1 for Predators vs 1 for Kings.
Shots for this period are 7 for Predators vs 11 for Kings.


Output by the SimonT Hockey Simulator (STHS) for Eric Dolegowski -- Original Page W3C XHTML 1.0 Valid
Hockey Simulator - Hockey Simulation - Hockey Manager